 Seeded DCSS version 0.30-a0-1066-g63dfefce0d (webtiles) character file.

Game seed: 13020561292390072626 (custom seed)

39 Pimp the Firebug (level 3, -3/24 HPs)
             Began as a Demonspawn Fire Elementalist on Apr 12, 2023.
             Killed from afar by Natasha (6 damage)
             ... with a magic dart
             ... on level 2 of the Dungeon.
             The game lasted 00:03:30 (1068 turns).

Pimp the Firebug (Demonspawn Fire Elementalist)     Turns: 1068, Time: 00:03:32

Health: -3/24      AC:  2    Str:  8    XL:     3   Next: 28%
Magic:  2/6        EV: 12    Int: 21    God:
Gold:   22         SH:  0    Dex: 15    Spells: 3/6 levels left

rFire   . . .      SeeInvis .    c - staff of conjuration "Aczesir" {Int+3}
rCold   . . .      Faith    .    (no shield)
rNeg    . . .      Spirit   .    a - +0 robe
rPois   .          Reflect  .    (no helmet)
rElec   .          Rampage  .    (no cloak)
rCorr   .                        (no gloves)
Will    .....                    (no boots)
Stlth   +++                      (no amulet)
HPRegen 0.24/turn                (no ring)
MPRegen 0.20/turn                (no ring)

@: slowed, very slow
A: thin skeletal structure 1, magic regeneration
a: no special abilities


You were on level 2 of the Dungeon.
You visited 1 branch of the dungeon, and saw 2 of its levels.

You collected 22 gold pieces.

Inventory:

Armour
 a - a +0 robe (worn)
 l - a +0 ring mail
Magical Staves
 c - the staff of conjuration "Aczesir" (weapon) {Int+3}
   (You acquired it on level 1 of the Dungeon)

   [staff of conjuration]

   Base accuracy: +5 Base damage: 5 Base attack delay: 1.2 This weapon's minimum
   attack delay (0.6) is reached at skill level 12.
   Int:       It affects your intelligence (+3).
   It falls into the 'Staves' category.
   It is a one-handed weapon.
Scrolls
 d - a scroll of magic mapping {unknown}
 f - a scroll of teleportation {unknown}
 g - a scroll of noise {unknown}
 h - a scroll of blinking {unknown}
 i - a scroll of enchant armour {unknown}
 j - a scroll of silence {unknown}
 m - a scroll of brand weapon {unknown}
Potions
 b - a potion of magic
 e - 2 potions of might {unknown}
 k - 2 potions of cancellation {unknown}
 n - a potion of mutation {unknown}


   Skills:
 + Level 2.1 Dodging
 + Level 2.2 Stealth
 + Level 2.3 Spellcasting
 + Level 1.6 Conjurations
 + Level 3.0 Fire Magic


You had 3 spell levels left.
You knew the following spells:

 Your Spells              Type           Power      Damage    Failure   Level
a - Foxfire               Conj/Fire      72%        2x1d7     5%          1
b - Scorch                Fire           30%        2d6       6%          2

Your spell library contained the following spells:

 Spells                   Type           Power      Damage    Failure   Level
 Inner Flame              Hex/Fire       8%         N/A       22%         3
 Volatile Blastmotes      Fire/Tloc      16%        2d11      22%         3
 Flame Wave               Conj/Fire      18%        2d7       47%         4


Dungeon Overview and Level Annotations

Branches:
Dungeon (2/15)

Altars:

Annotations:
D:2 Natasha


Innate Abilities, Weirdness & Mutations

You have a somewhat thin skeletal structure. (Dex +2, Stealth+)
You regenerate magic rapidly.


Message History

You feel a surge of power!
You miscast Foxfire.
You are very lightly contaminated with residual magic.
Nothing appears to happen.
Natasha closely misses you. Natasha barely misses you.
Natasha extends her claws.
Natasha claws you.
Your magical contamination has completely faded away.
Natasha attacks as you move away! Natasha claws you.
Natasha attacks as you move away! Natasha claws you.
Natasha stares at you and mumbles some strange words.
The magic dart hits you! Natasha casts a spell at you.
You feel yourself slow down.
Casting: Foxfire (safe; 5% risk of failure)
Confirm with . or Enter, or press ? or * to list all spells.
You feel a surge of power!
You conjure some foxfire!
The foxfire hits Natasha.
Natasha is lightly wounded.
The foxfire hits Natasha.
Natasha is moderately wounded.
Natasha casts a spell at you. The magic dart hits you. Natasha claws you.
* * * LOW HITPOINT WARNING * * *
Casting: Foxfire (safe; 5% risk of failure)
Confirm with . or Enter, or press ? or * to list all spells.
Flames lash Natasha.
Natasha is moderately wounded.
Natasha's fire resistance burns away.
Natasha casts a spell at you. The magic dart hits you.
* * * LOW HITPOINT WARNING * * *
Casting: Scorch (safe; 6% risk of failure)
Confirm with . or Enter, or press ? or * to list all spells.
Flames lash Natasha but do no damage.
Natasha is no longer more vulnerable to fire.
Natasha misses you. Natasha casts a spell at you. The magic dart hits you.
You die...

####.# #### ....[ ..#
#...#####.#######
#...#!..........#
#...#.###.#####.#
#...#.# #.#
#####...#.###.##
#.........##h..#
#.###......@.#..# #.#
#..#####....# #.# #..#
##.#.# #.# #..# .#.#
#.####.###..######.#.#
#..................#.#
######.#############
###.# #...#


You could see Natasha.

Vanquished Creatures
  Natasha (D:2)
  A dart slug (D:1)
  An endoplasm (D:1)
  2 goblins (D:1)
  2 hobgoblins (D:1)
  A kobold (D:1)
  2 ball pythons (D:1)
  A bat (D:1)
  A frilled lizard (D:1)
  A rat (D:1)
13 creatures vanquished.

Vanquished Creatures (others)
  47 foxfires
47 creatures vanquished.

Grand Total: 60 creatures vanquished

Notes
Turn   | Place    | Note
-------+----------+-------------------------------------------
     0 | D:1      | Pimp the Demonspawn Fire Elementalist began the quest for
                  | the Orb.
     0 | D:1      | Reached XP level 1. HP: 13/13 MP: 3/3
    35 | D:1      | Identified a scroll of acquirement
    35 | D:1      | Acquired the staff of conjuration "Aczesir" {Int+3}
   549 | D:1      | Gained mutation: You have a somewhat thin skeletal
                  | structure. (Dex +2, Stealth+) [demonic ancestry]
   549 | D:1      | Reached XP level 2. HP: 19/19 MP: 0/5
   714 | D:1      | Learned a level 2 spell: Scorch
  1022 | D:2      | Noticed Natasha
  1027 | D:2      | Killed Natasha
  1028 | D:2      | Reached skill level 3 in Fire Magic
  1028 | D:2      | Gained mutation: You regenerate magic rapidly. [demonic
                  | ancestry]
  1028 | D:2      | Reached XP level 3. HP: 24/24 MP: 1/6
  1052 | D:2      | Noticed Natasha
  1068 | D:2      | Killed from afar by Natasha

Illustrated notes

Levels and vault maps discovered:
D:1:      lightli_arrival_lavapool, layout_basic
D:2:      layout_loops_ring, uniq_natasha

Skill      XL: |  1  2 |
---------------+-------+-----
Stealth        | 2 |  2.2
Dodging        | 2 |  2.1
Fire Magic     | 3 |  3.0
Spellcasting   | |  2.3
Conjurations   | |  1.6

Action                     || total
---------------------------++-------
   Cast: Foxfire           ||    28
         Scorch            ||     2
    Use: Scroll            ||     1
 Armour: Robe              ||     2
  Dodge: Dodged            ||    13

Table legend: (Time is in decaauts)
 A = Elapsed time spent in this place.
 B = Non-inter-level travel time spent in this place.
 C = Inter-level travel time spent in this place.
 D = Time resting spent in this place.
 E = Time spent auto-exploring this place.
 F = Levels seen in this place.
 G = Mean time per level.
                   A        B        C        D        E       F      G
               +--------+--------+--------+--------+--------+-----+--------+
         Total |   1068 |   1066 |      2 |     91 |    762 |   2 |  534.0 |
       Dungeon |   1068 |   1066 |      2 |     91 |    762 |   2 |  534.0 |
               +--------+--------+--------+--------+--------+-----+--------+

Top non-repeatable levels by time:
     D:1: 991 daAuts
     D:2: 77 daAuts
